 Dungeon Crawl Stone Soup version 0.28.0-53-g5a82cb258f (webtiles) character file.

Game seed: 1241811682373142405

3 purpskrrrp the Sneak (level 1, 0/14 HPs)
             Began as a Hill Orc Wanderer on June 23, 2022.
             Slain by a kobold
             ... wielding a +0 whip
              (4 damage)
             ... on level 1 of the Dungeon.
             The game lasted 00:01:26 (198 turns).

purpskrrrp the Sneak (Hill Orc Wanderer)             Turns: 198, Time: 00:01:26

Health: 0/14       AC:  3    Str: 13    XL:     1   Next: 50%
Magic:  3/3        EV: 10    Int: 12    God:
Gold:   0          SH:  0    Dex: 11    Spells: 2/3 levels left

rFire   . . .      SeeInvis .   f - +0 flail
rCold   . . .      Faith    .   (no shield)
rNeg    . . .      Spirit   .   e - +0 leather armour
rPois   .          Reflect  .   (no helmet)
rElec   .          Harm     .   (no cloak)
rCorr   .          Rampage  .   (no gloves)
Will    .....                   (no boots)
Stlth   ++........              (no amulet)
HPRegen 0.04/turn               (no ring)
MPRegen 0.08/turn               (no ring)

@: no status effects
A: no striking features
a: no special abilities


You were on level 1 of the Dungeon.
You visited 1 branch of the dungeon, and saw 1 of its levels.

Inventory:

Hand Weapons
 a - a +0 dagger
 f - a +0 flail (weapon)
Missiles
 b - an atropa-tipped dart
 c - a datura-tipped dart
Armour
 e - a +0 leather armour (worn)
Wands
 d - a wand of flame (7) (quivered)


   Skills:
 + Level 4.1 Stealth
 + Level 1.5 Spellcasting
 + Level 1.0 Poison Magic
 + Level 2.2 Evocations


You had 2 spell levels left.
You knew the following spells:

 Your Spells              Type           Power      Damage    Failure   Level
a - Sting                 Tmut/Pois      8%         1d3       28%         1

Your spell library contained the following spells:

 Spells                   Type           Power      Damage    Failure   Level
 Ignite Poison            Fire/Tmut/Pois 1%         N/A       67%         3


Dungeon Overview and Level Annotations

Branches:
Dungeon (1/15)

Altars:


Message History

A frilled lizard and a rat come into view.
Casting: Sting (safe; 30% risk of failure)
Confirm with . or Enter, or press ? or * to list all spells.
You can't see any susceptible monsters within range! (Use Z to cast anyway.) Unknown command.
Casting: Sting (safe; 30% risk of failure)
Confirm with . or Enter, or press ? or * to list all spells.
Aiming: Sting (safe; 30% risk of failure)
Press: ? - help, Shift-Dir - straight line, f - frilled lizard
Aim: a frilled lizard (43% to hit)
The sting misses the frilled lizard.
The frilled lizard misses you.
You miss the frilled lizard. The frilled lizard closely misses you.
You barely miss the frilled lizard.
The frilled lizard bites you but does no damage.
The frilled lizard bites you.
You sock the frilled lizard!
You kill the frilled lizard!
Casting: Sting (safe; 30% risk of failure)
Confirm with . or Enter, or press ? or * to list all spells.
You don't know that spell.
Casting: Sting (safe; 30% risk of failure)
Confirm with . or Enter, or press ? or * to list all spells.
Aiming: Sting (safe; 30% risk of failure)
Press: ? - help, Shift-Dir - straight line The sting hits the rat.
The rat is poisoned.
You kill the rat!
Magic restored.
A kobold comes into view. It is wielding a +0 whip.
Okay, then.
The kobold shouts!
The kobold barely misses you.
You barely miss the kobold. The kobold hits you with a +0 whip. x2
You hit the kobold.
The kobold is moderately wounded.
The kobold hits you with a +0 whip.
* * * LOW HITPOINT WARNING * * *
You closely miss the kobold. The kobold closely misses you.
You closely miss the kobold. The kobold hits you but does no damage.
The kobold hits you with a +0 whip.
You die...

### ## #.. .. #.#
#.# #.# #.#
##.###.##
#.......# ##
#.##.##.##...#
#.##...@K....#
#.#####.##...#
####.......# ##
#......#######
#.####........
#.##.###.###.####
#........# .#
####.###.###.####
#.####........ .#
..#


You could see a kobold.

Vanquished Creatures
  A hobgoblin (D:1)
  A bat (D:1)
  A frilled lizard (D:1)
  A rat (D:1)
4 creatures vanquished.

Notes
Turn   | Place    | Note
-------+----------+-------------------------------------------
     0 | D:1      | purpskrrrp the Hill Orc Wanderer began the quest for the
                  | Orb.
     0 | D:1      | purpskrrrp set off with the following items: a +0 dagger,
                  | an atropa-tipped dart, a datura-tipped dart, a wand of
                  | flame (7), a +0 leather armour; and the following spell
                  | memorised: Sting; and the following spells available to
                  | memorise: Ignite Poison
     0 | D:1      | Reached XP level 1. HP: 14/14 MP: 3/3
   198 | D:1      | Slain by a kobold

Illustrated notes

Levels and vault maps discovered:
D:1:      minmay_arrival_stair_chambers, layout_loops_cross,
          shapermc_ecumenical_altar_mp_highgroup, serial_bayou_pond_e

Action                   || total
-------------------------++-------
Melee: Flail             ||    12
 Cast: Sting             ||     2
 Stab: Sleeping          ||     1
Armor: Leather armour    ||    12
Dodge: Dodged            ||    17
